 Dungeon Crawl Stone Soup version 0.30-a0-778-g2ef04afb54 (webtiles) character file.

Game seed: 1169775545987797724

28 Smoke131 the Chucker (level 3, -3/37 HPs)
             Began as an Ogre Gladiator on Feb 15, 2023.
             Slain by a goblin
             ... wielding a +0 club
             ... led by Robin
              (5 damage)
             ... on level 1 of the Dungeon.
             The game lasted 00:01:59 (904 turns).

Smoke131 the Chucker (Ogre Gladiator)                Turns: 904, Time: 00:02:00

Health: -3/37      AC:  3    Str: 18    XL:     3   Next: 12%
Magic:  3/3        EV: 10    Int:  9    God:
Gold:   42         SH:  0    Dex: 12    Spells: 2/2 levels left

rFire   . . .      SeeInvis .    a - +0 war axe
rCold   . . .      Faith    .    (no shield)
rNeg    . . .      Spirit   .    b - +0 robe
rPois   .          Reflect  .    c - +0 hat
rElec   .          Harm     .    (no cloak)
rCorr   .          Rampage  .    (gloves unavailable)
Will    .....                    (boots unavailable)
Stlth   +                        (no amulet)
HPRegen 0.26/turn                (no ring)
MPRegen 0.08/turn                (no ring)

@: no status effects
A: large, unfitting armour, tough skin 1
a: no special abilities


You were on level 1 of the Dungeon.
You visited 1 branch of the dungeon, and saw 2 of its levels.

You collected 42 gold pieces.

Inventory:

Hand Weapons
 a - a +0 war axe (weapon)
Missiles
 d - 3 throwing nets (quivered)
 e - a large rock
 f - 9 stones
 j - 4 boomerangs
Armour
 b - a +0 robe (worn)
 c - a +0 hat (worn)
Scrolls
 g - a scroll of butterflies {unknown}
 h - a scroll of acquirement {unknown}
 k - a scroll of immolation {unknown}
Potions
 i - a potion of haste {unknown}


   Skills:
 - Level 3.0 Fighting
 - Level 3.0 Axes
 + Level 3.1 Throwing
 - Level 3.0 Dodging


You had 2 spell levels left.
You didn't know any spells.
Your spell library contained the following spells:

 Spells                   Type           Power      Damage    Failure   Level
 Freeze                   Ice            0%         1d3       38%         1
 Slow                     Hex            0%         N/A       38%         1
 Sting                    Tmut/Pois      0%         1d3       38%         1
 Lesser Beckoning         Tloc           0%         N/A       52%         2
 Gell's Gravitas          Tloc           0%         N/A       77%         3
 Teleport Other           Tloc           0%         N/A       77%         3


Dungeon Overview and Level Annotations

Branches:
Dungeon (2/15)

Altars:

Annotations:
D:2 Robin


Innate Abilities, Weirdness & Mutations

You are too large for most types of armour.
You have tough skin. (AC +1)


Message History

The goblin hits you but does no damage. The goblin closely misses you. x2
The goblin hits you with a +0 dagger. The goblin barely misses you.
There is a stone staircase leading up here.
The goblin hits you with a +0 club.
The goblin unwields a +0 dagger.
The goblin wields a +0 sling.
The goblin shoots a sling bullet.
The sling bullet closely misses you. The goblin hits you with a +0 club.
The goblin hits you but does no damage. x2; The goblin closely misses you. x2
You climb upwards.
There is a stone staircase leading down here.
You see here a +0 club.
You closely miss the goblin. x2; You slash the goblin!
You kill the goblin!
You hit the goblin.
You kill the goblin!
The goblin closely misses you. The goblin hits you with a +0 dagger.
The goblin hits you but does no damage. The goblin hits you with a +0 dagger.
Your Throwing skill increases to level 3!
You have reached level 3!
Your experience leads to an increase in your attributes!
Increase (S)trength, (I)ntelligence, or (D)exterity?
You feel agile. x2; You feel stronger.
You slash the goblin!
You kill the goblin!
You closely miss the goblin. The goblin hits you with a +0 dagger.
You closely miss the goblin. x2; The goblin hits you with a +0 dagger.
* * * LOW HITPOINT WARNING * * *
The goblin closely misses you.
You closely miss the goblin. You slash the goblin!
You kill the goblin!
The goblin hits you but does no damage. The goblin hits you with a +0 dagger.
* * * LOW HITPOINT WARNING * * *
You hit the goblin.
You kill the goblin!
You hit the goblin but do no damage. The goblin completely misses you.
You barely miss the goblin. The goblin hits you with a +0 club.
* * * LOW HITPOINT WARNING * * *
The goblin hits you with a +0 club.
* * * LOW HITPOINT WARNING * * *
You completely miss the goblin. The goblin hits you with a +0 club.
You die...

...##..............#
#####.........######
#.........# #.###.###.#
#.........###
####>.......###########
#..#####.##........#
#..#####)##.######.#
#..#....)@g.....##.# ####
#....###)##.###.##.# #...
##...## #.##.###.##.# #...
#.....# #.##........# #...
########...####.#####..####
##.# ................# #.##
#####.# ########..#######
#.# #.....# ##.#
#.#####.###)# ##+##
##............


You could see a goblin (strong).

Vanquished Creatures
  2 ball pythons (D:1)
  An endoplasm (D:1)
  2 giant cockroaches (D:1)
  10 goblins (D:1)
  2 hobgoblins (D:1)
  A kobold (D:1)
  A quokka (D:1)
  A frilled lizard (D:1)
  3 rats
23 creatures vanquished.

Notes
Turn   | Place    | Note
-------+----------+-------------------------------------------
     0 | D:1      | Smoke131 the Ogre Gladiator began the quest for the Orb.
     0 | D:1      | Reached XP level 1. HP: 22/22 MP: 1/1
   278 | D:1      | Reached XP level 2. HP: 20/31 MP: 2/2
   370 | D:1      | Got Sif Muna's Tutorial on Incantation
   882 | D:2      | Identified the +1 helmet "Azack" {Rampage}
   882 | D:2      | Noticed Robin
   898 | D:1      | Reached XP level 3. HP: 17/37 MP: 3/3
   904 | D:1      | Slain by a goblin

Illustrated notes

Levels and vault maps discovered:
D:1:      scummos_arrival_forest, layout_loops_corners
D:2:      layout_rooms, basic_altar, uniq_robin

Skill      XL: |  1  2 |
---------------+-------+-----
Fighting       | 3 |  3.0
Dodging        | 3 |  3.0
Throwing       | 3 |  3.1
Axes           | |  3.0

Action                     || total
---------------------------++-------
  Melee: War axe           ||    71
         Punch             ||     1
   Stab: Sleeping          ||     1
 Armour: Robe              ||    17
  Dodge: Dodged            ||    48

Table legend: (Time is in decaauts)
 A = Elapsed time spent in this place.
 B = Non-inter-level travel time spent in this place.
 C = Inter-level travel time spent in this place.
 D = Time resting spent in this place.
 E = Time spent auto-exploring this place.
 F = Levels seen in this place.
 G = Mean time per level.
                   A        B        C        D        E       F      G
               +--------+--------+--------+--------+--------+-----+--------+
         Total |    929 |    929 |      0 |      0 |    678 |   2 |  464.5 |
       Dungeon |    929 |    929 |      0 |      0 |    678 |   2 |  464.5 |
               +--------+--------+--------+--------+--------+-----+--------+

Top non-repeatable levels by time:
     D:1: 922 daAuts
     D:2: 6 daAuts
